AoeStats
← KalasKula

Arena

510364943Analyzed
4v4 RM · 2d ago on Sep 30, 2026· 37m 51s· 8 players
Game mode
Random Map
Map size
Large (8 player)
Population
200
Speed
Normal
Resources
Standard
Victory
Conquest
Starting age
Dark Age
Ending age
Imperial Age
RankedLock teamsTeams togetherTeam positionsShared explorationLock speedFull tech treeHidden civsTurbo modeCheats
Victory
Defeat
🇨🇳 Vietnamese · China
1385
+14
🇮🇳 Magyars · India
1382
+15
🇫🇷 Poles · France
1378
+15
🇫🇷 Franks · France
1321
+17
🇸🇪 Persians · Sweden
1466
-20
🇸🇪 Portuguese · Sweden
1438
-19
🇸🇪 Portuguese · Sweden
1275
-12
🇸🇪 Danes · Sweden
1223
-10
johansoderstrom1
11:15 Feudal Age
15:05 Castle Age
14:09 Double-Bit Axe
19:34 Bow Saw
32:38 Imperial Age
31:30 Pikeman
33:30 Wheelbarrow
34:02 Scale Mail Armor
34:12 Forging
34:09 Loom
35:23 Halberdier
Creweer
11:58 Feudal Age
15:33 Castle Age
14:23 Double-Bit Axe
14:21 Horse Collar
16:54 Bow Saw
20:20 Loom
23:33 Scale Mail Armor
24:09 Pikeman
25:06 Chain Mail Armor
25:01 Forging
27:07 Forging
33:13 Imperial Age
33:43 Heavy Plow
35:16 Chemistry
34:50 Plate Mail Armor
34:56 Iron Casting
34:08 Halberdier
LilleSkutt
11:25 Feudal Age
16:27 Castle Age
14:38 Double-Bit Axe
14:43 Horse Collar
22:43 Bow Saw
22:48 Scale Mail Armor
22:59 Forging
23:41 Squires
27:10 Chain Mail Armor
29:14 Iron Casting
KalasKula
10:07 Feudal Age
13:51 Castle Age
11:56 Double-Bit Axe
12:00 Horse Collar
14:42 Bow Saw
19:59 Wheelbarrow
20:06 Heavy Plow
22:48 Hand Cart
23:45 Gold Mining
26:56 Imperial Age
24:22 Loom
24:48 Scale Barding Armor
24:54 Forging
25:56 Chain Barding Armor
26:19 Gold Shaft Mining
26:05 Husbandry
27:44 Bloodlines
28:16 Plate Barding Armor
29:21 Iron Casting
28:09 Cavalier
29:55 Heavy Camel Rider
34:11 Fletching
JOK3R_LSR
10:24 Feudal Age
14:38 Castle Age
12:56 Double-Bit Axe
14:06 Horse Collar
15:45 Bow Saw
20:17 Stone Mining
21:34 Heavy Plow
23:10 Wheelbarrow
24:18 Scale Barding Armor
24:24 Forging
24:38 Gold Mining
27:22 Imperial Age
25:57 Bloodlines
25:49 Husbandry
26:16 Chain Barding Armor
26:26 Szlachta Privileges
27:11 Iron Casting
27:31 Cavalier
29:25 Blast Furnace
37:35 Hand Cart
37:05 Town Watch
37:06 Loom
38:10 Crop Rotation
差不多先生
10:18 Feudal Age
14:31 Castle Age
13:02 Double-Bit Axe
22:16 Wheelbarrow
23:46 Hand Cart
28:14 Imperial Age
26:49 Scale Barding Armor
26:54 Forging
27:42 Bow Saw
27:27 Gold Mining
27:30 Stone Mining
28:55 Chain Barding Armor
29:13 Iron Casting
28:21 Cavalier
29:01 Husbandry
30:04 Ballistics
29:50 Siege Engineers
30:47 Chemistry
29:43 Murder Holes
30:25 Plate Barding Armor
30:54 Blast Furnace
30:24 Paladin
31:37 Fletching
31:46 Murder Holes
34:57 Chemistry
我不吃牛肉
10:02 Feudal Age
14:05 Castle Age
12:55 Double-Bit Axe
21:37 Loom
30:59 Imperial Age
29:39 Bloodlines
29:30 Husbandry
30:12 Wheelbarrow
29:22 Horse Collar
30:46 Forging
32:19 Iron Casting
31:52 Scale Barding Armor
31:55 Elite Battle Elephant
33:45 Heavy Plow
35:02 Chain Barding Armor
36:22 Plate Barding Armor
36:15 Hand Cart
36:14 Husbandry
36:22 Fletching
37:46 Bow Saw
38:14 Chatras
Broken Angel
11:58 Feudal Age
12:59 Double-Bit Axe
15:31 Castle Age
13:23 Horse Collar
14:47 Gold Mining
16:36 Bow Saw
17:04 Heavy Plow
18:11 Scale Barding Armor
21:16 Padded Archer Armor
21:39 Chain Barding Armor
23:41 Heavy Plow
24:12 Bloodlines
24:03 Husbandry
30:48 Gold Shaft Mining
30:01 Loom
32:40 Wheelbarrow
35:38 Imperial Age
33:31 Fletching
34:33 Bodkin Arrow
35:16 Hand Cart
35:44 Ballistics
35:35 Thumb Ring
36:22 Recurve Bow
36:44 Conscription
36:29 Bracer
37:30 Chemistry
37:06 Padded Archer Armor
37:44 Parthian Tactics
Connection lost

Rejoining the realm…

Still unreachable

The connection could not be restored.

Session expired

The server has moved on; the page needs a fresh start.